 Dungeon Crawl Stone Soup version 0.30.1-11-g7821555f0a (webtiles) character file.

Game seed: 12140298799252044122

12928 TheCrowQ the Tainter (level 11, -10/64 HPs)
             Began as a Demonspawn Venom Mage on Jan 8, 2024.
             Was a Priest of Hepliaklqana.
             Mangled by an orc warlord
             ... wielding a +5 antimagic dire flail
              (25 damage)
             ... on level 2 of the Orcish Mines.
             The game lasted 00:34:02 (12791 turns).

TheCrowQ the Tainter (Demonspawn Venom Mage)       Turns: 12791, Time: 00:34:02

Health: -10/64     AC:  5    Str: 10    XL:     11   Next: 68%
Magic:  1/23       EV: 21    Int: 18    God:    Hepliaklqana [***...]
Gold:   1304       SH:  0    Dex: 21    Spells: 11/26 levels left

rFire   . . .        o - staff of death
rCold   . . .        (no shield)
rNeg    + . .        z - +0 steam dragon scales
rPois   .            (helmet restricted)
rElec   .            (no cloak)
rCorr   .            (no gloves)
SInv    .            (no boots)
Will    .....        B - amulet of regeneration
Stlth   +++          g - +6 ring of dexterity
HPRegen 1.10/turn    k - +5 ring of evasion
MPRegen 0.18/turn

%: random rage (3%)
@: about to teleport
A: reduced essence, horns 2, repulsion field 1, ignite blood 2, demonic magic 1,
berserk 1, mutation resistance 1
a: Renounce Religion, Recall Ancestor, Ancestor Identity, Transference


You were on level 2 of the Orcish Mines.
You worshipped Hepliaklqana.
Hepliaklqana was most pleased with you.
You visited 3 branches of the dungeon, and saw 13 of its levels.
You also visited: Sewer.

You collected 1304 gold pieces.

Inventory:

Hand Weapons
 e - a +1 dagger
Missiles
 x - 4 throwing nets
Armour
 a - a +1 robe
 z - +0 steam dragon scales (worn)
Magical Staves
 o - a staff of death (weapon)
Jewellery
 g - a +6 ring of dexterity (left hand)
 k - a +5 ring of evasion (right hand)
 l - an amulet of magic regeneration
 p - a ring of flight
 A - a +6 ring of strength
 B - an amulet of regeneration (around neck)
Wands
 c - a wand of flame (33)
 n - a wand of iceblast (14)
 v - a wand of light (19)
Scrolls
 d - a scroll of acquirement {unknown}
 f - 3 scrolls of fog
 h - 3 scrolls of enchant weapon
 i - 3 scrolls of amnesia
 m - 17 scrolls of identify
 q - a scroll of poison
 r - a scroll of magic mapping
 y - a scroll of vulnerability {unknown}
 D - 2 scrolls of fear {unknown}
Potions
 s - 3 potions of flight
 u - 7 potions of curing
 w - 2 potions of attraction


   Skills:
 + Level 1.8 Fighting
 + Level 1.4 Short Blades
 + Level 1.1 Staves
 + Level 3.6 Dodging
 + Level 3.4 Stealth
 + Level 0.2 Unarmed Combat
 + Level 8.4 Spellcasting
 * Level 7.3 Conjurations
 + Level 6.8 Transmutations
 + Level 2.3 Air Magic
 * Level 11.8 Poison Magic
 + Level 0.5 Evocations


You had 11 spell levels left.
You knew the following spells:

 Your Spells              Type           Power      Damage    Failure   Level
a - Sting                 Tmut/Pois      100%       1d8       1%          1
b - Poisonous Vapours     Pois/Air       66%        N/A       1%          2
c - Mephitic Cloud        Conj/Pois/Air  33%        N/A       1%          3
d - Olgreb's Toxic Radia  Pois           50%        N/A       1%          4
e - Alistair's Intoxicat  Tmut/Pois      27%        N/A       5%          5

Your spell library contained the following spells:

 Spells                   Type           Power      Damage    Failure   Level
 Shock                    Conj/Air       96%        1d9       1%          1
 Stone Arrow              Conj/Erth      40%        3d9       6%          3
 Apportation              Tloc           14%        N/A       10%         1
 Swiftness                Air            16%        N/A       11%         3
 Airstrike                Air            8%         2d(2-18)  34%         4
 Animate Armour           Summ/Erth      14%        N/A       67%         4
 Lehudib's Crystal Spear  Conj/Erth      10%        10d4      100%        8


Dungeon Overview and Level Annotations

Branches:
Dungeon (10/15)            Temple (1/1) D:6            Lair (0/5) D:10
    Orc (2/2) D:10            Elf (0/3) Orc:2         Sewer (visited)

Altars:
Ashenzari
Cheibriados
Dithmenos
Fedhas
Gozag
Hepliaklqana
Kikubaaqudgha
Makhleb
Nemelex Xobeh
Okawaru
Qazlal
Ru
Sif Muna
Trog
Uskayaw
Vehumet
Wu Jian
Xom
Yredelemnul

Shops:
D:6 =   D:7 [   Orc:1 :   Orc:2 *

Annotations:
D:3 1 runed translucent door, dchavez06's ghost, amateur DsEE
D:4 1 runed translucent door, TheBioAlchemist's ghost, novice GnHs


Innate Abilities, Weirdness & Mutations

Your life essence is reduced to manifest your ancestor. (-10% HP)
You have a pair of horns on your head.
You are surrounded by a mild repulsion field. (EV +2)
Your demonic aura often causes spilled blood to erupt in flames.
Spells you cast may paralyse adjacent enemies.
You sometimes lose your temper in combat.
You are somewhat resistant to further mutation.


Message History

Sylvia hits the orc warrior with a +0 flail!
The orc warrior dies!
The orc warlord is engulfed in blazing flames.
The orc warlord closely misses you. What are your orders? t - Shout!
Orders for allies: a - Attack new target. p - Attack previous target. r - Retreat! s - Stop attacking. g - Guard the area. f - Follow me.
Anything else - Cancel.
Okay, then.
As you read the scroll of fog, it crumbles to dust.
The scroll dissolves into smoke.
Sylvia barely misses the orc warlord.
The orc warlord is engulfed in blazing flames.
Casting: Sting (safe; 1% risk of failure)
Confirm with . or Enter, or press ? or * to list all spells.
Aiming: Sting (safe; 1% risk of failure)
Press: ? - help, Shift-Dir - straight line, f/p - orc warlord
Aim: an orc warlord, wielding a +5 antimagic dire flail and wearing a +0 plate armour (grey smoke, severely wounded, very poisoned, 87% to hit)
The sting hits the orc warlord but does no damage.
The orc warlord looks as sick as possible!
The orc warlord is severely wounded.
Malevolent energies surge around you.
The orc warlord hits you with a +5 antimagic dire flail!!
* * * LOW HITPOINT WARNING * * *
You feel your power leaking away.
You hit the orc warlord but do no damage.
You headbutt the orc warlord, but do no damage.
The orc warlord is severely wounded.
Sylvia hits the orc warlord with a +0 flail.
The orc warlord misses you.
You hit the orc warlord but do no damage.
Your headbutt misses the orc warlord.
The orc warlord is almost dead.
The orc warlord misses you.
Sylvia hits the orc warlord with a +0 flail!
As you read the scroll of teleportation, it crumbles to dust.
You feel strangely unstable.
The orc warlord hits you with a +5 antimagic dire flail!!
You die...

#..## ####...##
#.......##
###........#
##..........###
#........)....#
#........)...####
##......#).......#
#..@o.####.......#
#...R§###........#
##.°§§§.#.......##
#..§§§§§§....###
###§§§§§§....#
##§§§§§...##
#§§.†...##
##§§§)R...##
#.....).)..#


You could see the friendly Sylvia the knight and an orc warlord (very poisoned,
ally target).

Vanquished Creatures
  2 two-headed ogres
  An orc high priest (Orc:2)
  Sonja (D:10)
  2 orc knights (Orc:2)
  An orc sorcerer (Orc:2)
  3 komodo dragons (D:10)
  3 trolls
  A hornet (D:7)
  A wyvern (D:10)
  A wraith (D:10)
  A steam dragon (D:10)
  5 wargs
  13 orc warriors
  3 water moccasins
  2 black bears (D:7)
  An ice beast (D:8)
  An ogre (D:4)
  5 centaurs
  3 kobold brigands
  3 bullfrogs (D:7)
  A scorpion (D:4)
  2 wights (D:10)
  3 killer bees (D:10)
  4 howler monkeys
  4 hounds
  6 orc priests
  2 gnoll boudas
  3 orc wizards
  4 iguanas
  18 gnolls
  7 adders
  2 river rats (Sewer)
  A shadow imp (D:7)
  2 ufetubi
  3 worms
  A dart slug (D:5)
  28 orcs
  5 endoplasms
  5 giant cockroaches
  6 goblins
  7 hobgoblins
  2 jackals (Sewer)
  12 kobolds
  12 quokkas
  11 ball pythons
  7 bats
  3 frilled lizards
  12 rats
226 creatures vanquished.

Vanquished Creatures (collateral kills)
  A two-headed ogre (D:10)
  An orc sorcerer (Orc:2)
  An unseen horror (D:10)
  A komodo dragon (D:10)
  A basilisk (D:10)
  A warg (Orc:1)
  3 orc warriors
  An ogre (Orc:1)
  3 wights (D:10)
  2 killer bees (D:10)
  4 howler monkeys (D:9)
  3 orc priests
  5 orc wizards
  A white imp (D:8)
  11 orcs
39 creatures vanquished.

Vanquished Creatures (others)
  4 knights
  3 ancestors
7 creatures vanquished.

Grand Total: 272 creatures vanquished

Notes
Turn   | Place    | Note
-------+----------+-------------------------------------------
     0 | D:1      | TheCrowQ the Demonspawn Venom Mage began the quest for the
                  | Orb.
     0 | D:1      | Reached XP level 1. HP: 13/13 MP: 3/3
    23 | D:1      | Reached skill level 1 in Transmutations
   126 | D:1      | Gained mutation: You are surrounded by a mild repulsion
                  | field. (EV +2) [demonic ancestry]
   126 | D:1      | Reached XP level 2. HP: 11/20 MP: 0/5
   322 | D:1      | Learned a level 2 spell: Poisonous Vapours
   807 | D:1      | Gained mutation: You have a pair of small horns on your
                  | head. [demonic ancestry]
   807 | D:1      | Reached XP level 3. HP: 7/25 MP: 2/6
  1490 | D:2      | Gained mutation: Your demonic aura sometimes causes spilled
                  | blood to erupt in flames. [demonic ancestry]
  1490 | D:2      | Reached XP level 4. HP: 31/31 MP: 4/7
  1592 | D:2      | Reached skill level 1 in Short Blades
  1691 | D:2      | Reached skill level 1 in Fighting
  2134 | D:3      | Found a runed translucent door.
  2135 | D:3      | Noticed dchavez06's ghost (amateur DsEE)
  2290 | D:3      | Reached XP level 5. HP: 28/37 MP: 2/9
  2652 | D:3      | Learned a level 3 spell: Mephitic Cloud
  2940 | D:4      | Noticed an ogre
  2949 | D:4      | Killed an ogre
  2950 | D:4      | Reached skill level 1 in Air Magic
  2950 | D:4      | Reached skill level 4 in Poison Magic
  3044 | D:4      | Reached XP level 6. HP: 34/43 MP: 7/10
  3528 | D:4      | Found a blossoming altar of Fedhas.
  3556 | D:4      | Learned a level 4 spell: Olgreb's Toxic Radiance
  3610 | D:4      | Found a runed translucent door.
  3610 | D:4      | Noticed TheBioAlchemist's ghost (novice GnHs)
  4132 | D:5      | Entered Level 5 of the Dungeon
  4353 | D:5      | Reached skill level 1 in Conjurations
  4996 | D:5      | Gained mutation: Your demonic aura often causes spilled
                  | blood to erupt in flames. [demonic ancestry]
  4996 | D:5      | Reached XP level 7. HP: 44/48 MP: 6/12
  5008 | D:5      | Reached skill level 5 in Poison Magic
  5193 | D:6      | Found a staircase to the Ecumenical Temple.
  5408 | D:6      | Found a glowing drain.
  5419 | Sewer    | Entered a sewer
  5875 | Temple   | Entered the Ecumenical Temple
  5977 | Temple   | Became a worshipper of Hepliaklqana the Forgotten
  6308 | D:6      | Found a stormy altar of Qazlal.
  6421 | D:6      | Found Gused's Jewellery Shop.
  6521 | D:6      | Gained mutation: You have a pair of horns on your head.
                  | [demonic ancestry]
  6521 | D:6      | Reached XP level 8. HP: 54/54 MP: 8/14
  6637 | D:7      | Noticed a hornet
  6651 | D:7      | Killed a hornet
  6652 | D:7      | Reached skill level 6 in Poison Magic
  7143 | D:7      | Found Nuybigi's Antique Armour Emporium.
  7146 | D:7      | Reached * piety under Hepliaklqana
  7273 | D:7      | Reached skill level 5 in Spellcasting
  7273 | D:7      | Reached skill level 7 in Poison Magic
  7694 | D:8      | Noticed a two-headed ogre
  7708 | D:8      | Killed a two-headed ogre
  7709 | D:8      | Reached XP level 9. HP: 53/53 MP: 8/17
  7951 | D:8      | Reached skill level 8 in Poison Magic
  8146 | D:8      | Found an ornate altar of the Wu Jian Council.
  8147 | D:8      | Found a radiant altar of Vehumet.
  8151 | D:8      | Found a shimmering blue altar of Sif Muna.
  8153 | D:8      | Found a sacrificial altar of Ru.
  8153 | D:8      | Found a shadowy altar of Dithmenos.
  8433 | D:8      | Reached ** piety under Hepliaklqana
  8434 | D:8      | Remembered your ancestor Sylvia as a knight
  9308 | D:9      | Noticed a troll
  9339 | D:9      | Killed a troll
  9340 | D:9      | Reached skill level 5 in Transmutations
  9428 | D:9      | Reached skill level 9 in Poison Magic
  9810 | D:10     | Entered Level 10 of the Dungeon
  9816 | D:10     | Noticed a two-headed ogre
  9823 | D:10     | Killed a two-headed ogre
  9824 | D:10     | Reached skill level 5 in Conjurations
  9824 | D:10     | Reached XP level 10. HP: 59/59 MP: 8/19
 10138 | D:10     | Noticed a two-headed ogre
 10149 | D:10     | Killed a two-headed ogre
 10277 | D:10     | Gained mutation: You sometimes lose your temper in combat.
                  | [potion of mutation]
 10277 | D:10     | Gained mutation: You are somewhat resistant to further
                  | mutation. [potion of mutation]
 10292 | D:10     | Noticed Sonja
 10307 | D:10     | Reached skill level 1 in Staves
 10326 | D:10     | Reached skill level 10 in Poison Magic
 10407 | D:10     | Found a staircase to the Orcish Mines.
 10493 | D:10     | Reached *** piety under Hepliaklqana
 10520 | D:10     | Killed Sonja
 10910 | D:10     | Gained mutation: Spells you cast may paralyse adjacent
                  | enemies. [demonic ancestry]
 10910 | D:10     | Reached XP level 11. HP: 52/64 MP: 16/22
 11013 | D:10     | Found a staircase to the Lair.
 11150 | Orc:1    | Entered Level 1 of the Orcish Mines
 11331 | Orc:1    | Found Riufaw's Book Shoppe.
 11655 | Orc:2    | Entered Level 2 of the Orcish Mines
 11665 | Orc:2    | Found a staircase to the Elven Halls.
 11818 | Orc:2    | Found Gonaes's General Store.
 11819 | Orc:2    | Noticed an orc knight
 11820 | Orc:2    | Noticed an orc sorcerer
 11820 | Orc:2    | Noticed an orc sorcerer
 11832 | Orc:2    | Noticed an orc high priest
 11833 | Orc:2    | Killed an orc sorcerer
 11834 | Orc:2    | Reached skill level 11 in Poison Magic
 11834 | Orc:2    | Noticed an orc high priest
 11871 | Orc:2    | Learned a level 5 spell: Alistair's Intoxication
 11972 | Orc:2    | Killed an orc high priest
 12005 | Orc:2    | Killed an orc knight
 12166 | Orc:2    | Noticed an orc knight
 12175 | Orc:2    | Killed an orc knight
 12450 | Orc:2    | Killed an orc sorcerer
 12545 | Orc:2    | Noticed an orc warlord
 12791 | Orc:2    | Mangled by an orc warlord

Illustrated notes

Levels and vault maps discovered:
D:1:      psy_arrival_whirlpool, layout_basic, minmay_gold_behind_fungi
D:2:      layout_basic, minmay_pentomino_z4
D:3:      layout_rooms, ebering_ghost_reflecting_pool
D:4:      layout_loops_cross, fedhas_altar_3, gammafunk_ghost_grave
D:5:      layout_loops_ring
D:6:      layout_basic, nicolae_qazlal_general_emergency,
          minmay_temple_entry_mini_moons, portal_sewer_entry_b, serial_shops,
          shop, kennysheep_generic_room_13
D:7:      layout_loops_ring, serial_shops, shop
D:8:      layout_basic, grunt_temple_overflow_open
D:9:      layout_loops_ring, serial_bayou_pond_d, chequers_serial_rivers_room_b
D:10:     layout_rooms, erik_lair_dragon, orc_0_dummy, uniq_sonja
Temple:   dshaligram_water_room_temple
Orc:1:    layout_caves, serial_shops, nicolae_book_shop_shelving
Orc:2:    st_orc_elflike, layout_diamond_mine

Skill      XL: |  1  2  3  4  5  6  7  8  9 10 11 |
---------------+----------------------------------+-----
Transmutations | 1 2 3 5 6 |  6.8
Dodging        | 2 3 |  3.6
Stealth        | 2 3 |  3.4
Short Blades   | 1 |  1.4
Fighting       | 1 |  1.8
Spellcasting   | 3 4 5 6 7 8 |  8.4
Air Magic      | 1 2 |  2.3
Poison Magic   | 4 5 7 9 10 11 | 11.8
Conjurations   | 1 2 3 5 6 7 |  7.3
Staves         | 1 |  1.1
Unarmed Combat | |  0.2
Evocations     | |  0.5

Action                     |  1- 3 |  4- 6 |  7- 9 | 10-12 || total
---------------------------+-------+-------+-------+-------++-------
  Melee: Dagger            |   117 |    48 |       |       ||   165
         Unarmed           |     8 |       |       |       ||     8
         Punch             |     1 |     2 |     2 |       ||     5
         Headbutt          |     9 |    24 |    16 |    14 ||    63
         Staff             |       |    67 |    63 |    51 ||   181
   Cast: Sting             |    33 |    77 |   242 |   261 ||   613
         Poisonous Vapours |     7 |    22 |    14 |     9 ||    52
         Olgreb's Toxic Ra |       |       |       |     3 ||     3
         Alistair's Intoxi |       |       |       |     1 ||     1
 Invoke: Ancestor Life: Kn |       |       |     1 |       ||     1
         Ancestor Identity |       |       |     1 |       ||     1
  Evoke: Wand              |       |       |     2 |     3 ||     5
    Use: Scroll            |       |     9 |     2 |     8 ||    19
         Potion            |       |     4 |     4 |    10 ||    18
   Stab: Sleeping          |     2 |     2 |       |       ||     4
         Invisible         |       |       |       |     1 ||     1
         Paralysed         |       |       |       |     3 ||     3
 Armour: Robe              |    37 |    10 |    11 |     6 ||    64
         Steam dragon scal |       |       |       |     5 ||     5
  Dodge: Dodged            |   115 |   172 |   222 |   190 ||   699
